 Dungeon Crawl Stone Soup version 0.31-a0-833-gc15d34cb79 (webtiles) character file.

Game seed: 1504668342502410877

48 DApurpleWHUMPUS the Firebug (level 3, 0/26 HPs)
             Began as a Hill Orc Fire Elementalist on Sept 25, 2023.
             Slain by a gnoll
             ... wielding a +0 spear
              (3 damage)
             ... on level 2 of the Dungeon.
             The game lasted 00:02:19 (1114 turns).

DApurpleWHUMPUS the Firebug (HOFE)                  Turns: 1114, Time: 00:02:19

Health: 0/26       AC:  3    Str: 10    XL:     3   Next: 72%
Magic:  2/6        EV: 11    Int: 17    God:
Gold:   62         SH:  0    Dex: 11    Spells: 5/6 levels left

rFire   . . .        d - +2 dagger (flame)
rCold   . . .        (no shield)
rNeg    . . .        c - +0 leather armour
rPois   .            (no helmet)
rElec   .            (no cloak)
rCorr   .            (no gloves)
SInv    .            (no boots)
Will    .....        (no amulet)
Stlth   +            (no ring)
HPRegen 0.24/turn    (no ring)
MPRegen 0.10/turn

%: no passive effects
@: no status effects
A: no striking features
a: no special abilities


You were on level 2 of the Dungeon.
You visited 1 branch of the dungeon, and saw 2 of its levels.

You collected 62 gold pieces.

Inventory:

Hand Weapons
 d - a +2 dagger of flaming (weapon)
Armour
 a - a +0 robe
 c - a +0 leather armour (worn)
Scrolls
 e - a scroll of amnesia {unknown}
 f - a scroll of brand weapon {unknown}
 g - a scroll of silence {unknown}
 h - a scroll of summoning {unknown}
 i - 5 scrolls of identify {unknown}
 j - a scroll of enchant weapon {unknown}
 l - a scroll of enchant armour {unknown}
Potions
 b - a potion of magic
 k - a potion of curing {unknown}


   Skills:
 - Level 1.5 Dodging
 - Level 1.5 Stealth
 + Level 2.2 Spellcasting
 + Level 2.0 Conjurations
 + Level 3.9 Fire Magic


You had 5 spell levels left.
You knew the following spells:

 Your Spells              Type           Power      Damage    Failure   Level
a - Foxfire               Conj/Fire      48%        2x1d6     8%          1

Your spell library contained the following spells:

 Spells                   Type           Power      Damage    Failure   Level
 Scorch                   Fire           30%        2d6       8%          2
 Inner Flame              Hex/Fire       8%         N/A       34%         3
 Volatile Blastmotes      Fire/Tloc      16%        2d11      34%         3
 Flame Wave               Conj/Fire      12%        2d6       58%         4


Dungeon Overview and Level Annotations

Branches:
Dungeon (2/15)

Altars:


Message History

Okay, then.
A gnoll is nearby!
A gnoll is nearby!
A gnoll comes into view. It is wielding a +0 whip.
A bat comes into view.
A gnoll comes into view. It is wielding a +0 spear.
The gnoll shouts! x2; You hear a shout!
The bat hits you but does no damage.
Casting: Foxfire (safe; 8% risk of failure)
Confirm with . or Enter, or press ? or * to list all spells.
You conjure some foxfire!
The bat hits you but does no damage. The gnoll hits you with a +0 flail.
The gnoll misses you.
The foxfire hits the gnoll.
The gnoll is lightly wounded.
The foxfire hits the gnoll.
The gnoll is moderately wounded.
Casting: Foxfire (safe; 8% risk of failure)
Confirm with . or Enter, or press ? or * to list all spells.
You conjure some foxfire!
The foxfire hits the bat.
You kill the bat!
The gnoll completely misses you. The gnoll hits you with a +0 flail!
The foxfire hits the gnoll.
The gnoll is severely wounded.
The gnoll attacks as it pursues you! The gnoll closely misses you.
The gnoll attacks as it pursues you! The gnoll hits you with a +0 whip.
Casting: Foxfire (safe; 8% risk of failure)
Confirm with . or Enter, or press ? or * to list all spells.
You conjure some foxfire!
The gnoll hits you with a +0 whip.
* * * LOW HITPOINT WARNING * * *
The gnoll barely misses you.
The foxfire hits the gnoll.
The gnoll is lightly wounded.
The foxfire hits the gnoll.
You kill the gnoll!
Your Conjurations skill increases to level 2!
Okay, then.
Casting: Foxfire (safe; 8% risk of failure)
Confirm with . or Enter, or press ? or * to list all spells.
You conjure some foxfire!
The gnoll hits you from afar with a +0 spear.
You die... ##.#.♣ ♣♣~♣ ..........
P~♣♣ ..#...?..♣ P~P

.......#..♣♣.♣
.........#.#.# #.
.......#.#...### #.
.......#.......## #.##
..........v.....## #..###
.........gg@.....# #..).
........)...v....#######.###
.............#.#.#.#.#.#.#.#
#.###.......................
. ...##.##..#.#.#.#.#.#.#.#
...# #.##.................
.... #.##..#.#.#.#.#.#.#.#
.... #^##.........##.#.###
........†.......###


You could see 2 gnolls.

Vanquished Creatures
  A gnoll (D:2)
  3 bats
  An endoplasm (D:2)
  4 giant cockroaches (D:1)
  A hobgoblin (D:2)
  7 jackals (D:1)
  A quokka (D:1)
  A ball python (D:2)
  3 frilled lizards
  3 goblins (D:1)
  5 kobolds
  5 rats
35 creatures vanquished.

Vanquished Creatures (others)
  49 foxfires
49 creatures vanquished.

Grand Total: 84 creatures vanquished

Notes
Turn   | Place    | Note
-------+----------+-------------------------------------------
     0 | D:1      | DApurpleWHUMPUS the Hill Orc Fire Elementalist began the
                  | quest for the Orb.
     0 | D:1      | Reached XP level 1. HP: 14/14 MP: 3/3
   203 | D:1      | Reached XP level 2. HP: 20/20 MP: 4/4
   632 | D:1      | Reached XP level 3. HP: 26/26 MP: 4/6
  1114 | D:2      | Slain by a gnoll

Illustrated notes

Levels and vault maps discovered:
D:1:      ebering_trefoil_3fold, layout_basic, serial_park_tiny_2, st_stairs_1
D:2:      layout_rooms, serial_shops, shop, shop, st_stairs_13,
          serial_bayou_crossing

Skill      XL: |  1  2  3 |
---------------+----------+-----
Spellcasting   | 2 |  2.2
Conjurations   | 2 |  2.0
Dodging        | |  1.5
Stealth        | |  1.5
Fire Magic     | |  3.9

Action                     || total
---------------------------++-------
  Melee: Dagger            ||    55
         Punch             ||     1
   Cast: Foxfire           ||    29
 Armour: Leather armour    ||    61
  Dodge: Dodged            ||    70

Table legend: (Time is in decaauts)
 A = Elapsed time spent in this place.
 B = Non-inter-level travel time spent in this place.
 C = Inter-level travel time spent in this place.
 D = Time resting spent in this place.
 E = Time spent auto-exploring this place.
 F = Levels seen in this place.
 G = Mean time per level.
                   A        B        C        D        E       F      G
               +--------+--------+--------+--------+--------+-----+--------+
         Total |   1113 |   1075 |     38 |     86 |    753 |   2 |  556.5 |
       Dungeon |   1113 |   1075 |     38 |     86 |    753 |   2 |  556.5 |
               +--------+--------+--------+--------+--------+-----+--------+

Top non-repeatable levels by time:
     D:1: 998 daAuts
     D:2: 114 daAuts
